 Dungeon Crawl Stone Soup version 0.29-a0-892-g2c4c91d9db (webtiles) character file.

Game seed: 3171779614763458916

252 ragingrage the Sneak (level 6, -1/39 HPs)
             Began as a Gargoyle Delver on July 22, 2022.
             Killed from afar by Dowan (11 damage)
             ... with a stone arrow
             ... on level 4 of the Dungeon.
             The game lasted 00:04:28 (5621 turns).

ragingrage the Sneak (Gargoyle Delver)              Turns: 5621, Time: 00:04:28

Health: -1/39      AC:  7    Str: 18    XL:     6   Next: 14%
Magic:  6/6        EV: 11    Int: 10    God:
Gold:   223        SH:  0    Dex: 11    Spells: 5/5 levels left

rFire   . . .      SeeInvis .   o - +1 dagger (venom)
rCold   . . .      Faith    .   (no shield)
rNeg    + . .      Spirit   .   b - +0 leather armour
rPois   ∞          Reflect  .   (no helmet)
rElec   +          Harm     .   (no cloak)
rCorr   .          Rampage  .   (no gloves)
Will    .....                   (no boots)
Stlth   +.........              m - amulet of the acrobat
HPRegen 0.13/turn               (no ring)
MPRegen 0.10/turn               (no ring)

@: lit by a corona, glowing
A: sickness immunity, AC +4, negative energy resistance 1, electricity
resistance, torment resistance 1, petrification resistance
a: no special abilities


You were on level 4 of the Dungeon.
You visited 1 branch of the dungeon, and saw 6 of its levels.

You collected 223 gold pieces.

Inventory:

Hand Weapons
 a - a +0 hand axe
 o - a +1 dagger of venom (weapon)
 x - a +2 flail of protection
Missiles
 k - 4 poisoned darts (quivered)
 u - 6 atropa-tipped darts
Armour
 b - a +0 leather armour (worn)
 w - a +0 plate armour
Jewellery
 m - an amulet of the acrobat (around neck)
Wands
 g - a wand of digging (3)
Scrolls
 c - a scroll of fog
 d - 2 scrolls of magic mapping
 e - 2 scrolls of fear
 h - a scroll of identify
 i - 3 scrolls of teleportation {unknown}
 j - 2 scrolls of enchant armour {unknown}
 p - 3 scrolls of blinking
 r - a scroll of amnesia {unknown}
 v - 2 scrolls of noise {unknown}
Potions
 f - a potion of haste
 l - 2 potions of curing
 n - a potion of lignification {unknown}
 q - a potion of heal wounds {unknown}
 s - a potion of degeneration {unknown}
 t - a potion of brilliance {unknown}


   Skills:
 + Level 4.4 Fighting
 + Level 4.6 Axes
 + Level 2.1 Armour
 - Level 1.6 Dodging
 - Level 5.5 Stealth


You had 5 spell levels left.
You didn't know any spells.
Your spell library contained the following spells:

 Spells                   Type           Power      Damage    Failure   Level
 Necrotise                Necr           0%         1d4       41%         1
 Blink                    Tloc           0%         N/A       56%         2
 Static Discharge         Conj/Air       0%         3-3/arc   56%         2
 Lesser Beckoning         Tloc           0%         N/A       80%         3
 Vampiric Draining        Necr           0%         2d6       80%         3
 Dispel Undead            Necr           0%         3d6       99%         4
 Sticky Flame             Conj/Fire      0%         2d3       99%         4
 Agony                    Necr           0%         N/A       100%        5
 Manifold Assault         Tloc           0%         N/A       100%        5


Dungeon Overview and Level Annotations

Branches:
Dungeon (6/15)
 Temple: D:4-7

Altars:
Dithmenos
Makhleb

Annotations:
D:4 Dowan


Innate Abilities, Weirdness & Mutations

You are immune to sickness and miasma.
Your stone body is resilient. (AC +4)
You are immune to poison.
You resist negative energy. (rN+)
You are resistant to electric shocks. (rElec)
You are resistant to unholy torment.
You are immune to petrification.


Message History

You feel better.
You kill Duvessa!
Dowan screams, "No!
No!"
Dowan seems to find hidden reserves of power!
Dowan gestures wildly while chanting.
Dowan blinks!
Your Armour skill increases to level 2!
You have reached level 6!
Throw: 8 darts (poison)
Press: ? - help, Q - select action, (/) - cycle Shift-Dir - straight line, f - Dowan
Aim: Dowan, wielding a +0 dagger and wearing a +0 robe (severely wounded, fast, poisoned, 46% to hit)
You throw a poisoned dart. The poisoned dart barely misses Dowan.
Throw: 7 darts (poison)
Press: ? - help, Q - select action, (/) - cycle Shift-Dir - straight line, f/p - Dowan
Aim: Dowan, wielding a +0 dagger and wearing a +0 robe (severely wounded, fast, poisoned, 46% to hit)
You throw a poisoned dart. The poisoned dart closely misses Dowan.
Dowan mumbles some strange words.
Dowan blinks!
Throw: 6 darts (poison)
Press: ? - help, Q - select action, (/) - cycle Shift-Dir - straight line, f/p - Dowan
Aim: Dowan, wielding a +0 dagger and wearing a +0 robe (severely wounded, fast, poisoned, 46% to hit)
You throw a poisoned dart. The poisoned dart closely misses Dowan.
You closely miss Dowan.
Dowan is severely wounded.
Dowan barely misses you. Dowan hits you with a +0 dagger.
* * * LOW HITPOINT WARNING * * *
You closely miss Dowan.
Dowan is severely wounded.
Dowan says, "How can I live without her?"
Dowan mumbles some strange words.
Dowan blinks!
Unknown command.
Okay, then.
Throw: 5 darts (poison)
Press: ? - help, Q - select action, (/) - cycle Shift-Dir - straight line, f/p - Dowan
Aim: Dowan, wielding a +0 dagger and wearing a +0 robe (severely wounded, fast, poisoned, 46% to hit)
You throw a poisoned dart. The poisoned dart misses Dowan.
Dowan gestures at you while chanting. The stone arrow hits you!
You die...

.......#(#####
.............######
........#.(.......########
..........((..###........#
........##.(..####.......#
###...####)e)..# ##......#
#### #.((..# #......#
#)§...# #......# #.@...#
######## #######


You could see Dowan (fast, poisoned).

Vanquished Creatures
  Duvessa (D:4)
  An orc priest (D:4)
  4 adders
  2 worms (D:3)
  2 dart slugs
  12 orcs
  A ball python (D:3)
  7 endoplasms
  5 giant cockroaches
  3 goblins (D:2)
  3 hobgoblins
  A jackal (D:3)
  10 kobolds
  3 quokkas
  8 bats
  2 frilled lizards
  A rat (D:1)
66 creatures vanquished.

Notes
Turn   | Place    | Note
-------+----------+-------------------------------------------
     0 | D:5      | ragingrage the Gargoyle Delver began the quest for the Orb.
     0 | D:5      | Reached XP level 1. HP: 14/14 MP: 1/1
    28 | D:5      | Noticed an iguana
   915 | D:3      | Reached XP level 2. HP: 14/19 MP: 2/2
  1427 | D:3      | Reached XP level 3. HP: 20/23 MP: 3/3
  2066 | D:3      | Found a burning altar of Makhleb.
  2066 | D:3      | Noticed a blizzard demon
  2085 | D:3      | Found a shadowy altar of Dithmenos.
  2808 | D:2      | Reached XP level 4. HP: 14/28 MP: 4/4
  3197 | D:1      | Found a faded altar of an unknown god.
  5423 | D:4      | Reached XP level 5. HP: 29/33 MP: 5/5
  5449 | D:4      | Reached skill level 1 in Armour
  5458 | D:4      | Noticed Duvessa
  5468 | D:4      | Noticed Dowan
  5615 | D:4      | Killed Duvessa
  5616 | D:4      | Reached XP level 6. HP: 11/39 MP: 6/6
  5621 | D:4      | Killed from afar by Dowan

Illustrated notes

Levels and vault maps discovered:
D:1:      sevenhm_arrival_forest_fort_large_4, layout_basic,
          ebering_ecumenical_altar_sacrificial
D:2:      layout_basic, kennysheep_decorative_pillar
D:3:      layout_basic, makhleb_altar_promises_db,
          nicolae_overflow_crystal_walls, serial_aquarium,
          aquarium_bridge_long_joined [aquarium_subvault_bridge,
          aquarium_subvault_wall, aquarium_subvault_window,
          aquarium_subvault_window, aquarium_subvault_bridge,
          aquarium_subvault_window], aquarium_window_corridor_3,
          aquarium_window_fake, aquarium_view_2e, aquarium_pool_side,
          minmay_misc_feat_diagonals, minmay_quadrilaterals
D:4:      layout_rooms, mainiacjoe_overflow_small_starburst, uniq_duvessa
D:5:      layout_basic, mainiacjoe_overflow_chevrons
D:6:      layout_loops_cross, vehumet_statue, lemuel_round_altar, serial_glass,
          glass_columns_c, glass_columns_a, glass_columns_a, glass_columns_a,
          glass_columns_a, glass_columns_a, glass_columns_a, glass_columns_a,
          glass_columns_c, glass_columns_a, glass_columns_a, glass_columns_a,
          glass_columns_a, glass_columns_b, due_unseen_surprise,
          feat_on_display, item_on_display_a

Skill      XL: |  1  2  3  4  5 |
---------------+----------------+-----
Axes           | 2 3 4 |  4.6
Armour         | 2 |  2.1
Fighting       | 4 |  4.4
Dodging        | |  1.6
Stealth        | |  5.5

Action                   |  1- 3 |  4- 6 || total
-------------------------+-------+-------++-------
Melee: Hand axe          |   134 |    11 ||   145
       Dagger            |       |   118 ||   118
       Punch             |       |     3 ||     3
Throw: Dart              |    10 |    12 ||    22
  Use: Scroll            |       |     1 ||     1
       Potion            |       |     1 ||     1
 Stab: Sleeping          |     6 |     6 ||    12
Armor: Leather armour    |    46 |    33 ||    79
Dodge: Dodged            |    86 |    74 ||   160

Table legend: (Time is in decaauts)
 A = Elapsed time spent in this place.
 B = Non-inter-level travel time spent in this place.
 C = Inter-level travel time spent in this place.
 D = Time resting spent in this place.
 E = Time spent auto-exploring this place.
 F = Levels seen in this place.
 G = Mean time per level.
                   A        B        C        D        E       F      G
               +--------+--------+--------+--------+--------+-----+--------+
         Total |   5649 |   5418 |    231 |   2243 |   2402 |   6 |  941.5 |
       Dungeon |   5649 |   5418 |    231 |   2243 |   2402 |   6 |  941.5 |
               +--------+--------+--------+--------+--------+-----+--------+

Top non-repeatable levels by time:
     D:3: 3201 daAuts
     D:2: 1208 daAuts
     D:1: 1073 daAuts
     D:4: 129 daAuts
     D:5: 35 daAuts
     D:6: 1 daAuts
